cohdb
Replays
Latest Replays
All Replays
Popular Replays
Top Player Replays
Match Explorer
How It Works
Community
CoH3 Stats
Reddit
Sign in to upload your games and track your stats! →
Sign in with Steam
Match 42625198
Unlisted
Match 42625198
Overview
Messages
Build Orders
End
Construct Barracks
Riflemen Squad
Riflemen Squad
Grenade Package
M1 Mortar Team
Riflemen Squad
Construct Medical Station
Mechanized Support Center
Selects Armored Battlegroup
Selects Veteran Crews
Selects Field Repairs
Construct Weapon Support Center
Riflemen Squad
M1918 Browning Automatic Rifles
M1919 Machine Gun Team
M1919 Machine Gun Team
Construct Tank Depot
Selects War Machine
Selects Strength in Steel
M4A1 Sherman Medium Tank
M4A1 76mm Conversion
Selects Seek and Destroy
Engineer Squad
Selects UNKNOWN (2160077)
M4A3E8 Sherman Easy Eight
Razgriz
Code John
Greymatter
LightKazi
LexLuthor
Joraad
Vulak
Ymir
0
0
Comments
sign in to comment!
No comments posted yet!